 Dungeon Crawl Stone Soup version 0.20.1-1-g8b1a95d (webtiles) character file.

53 vineage the Covered (level 3, 0/33 HPs)
             Began as a Minotaur Fighter on Aug 28, 2017.
             Slain by Crazy Yiuf
             ... wielding a +4 quarterstaff of chaos
              (2 damage)
             ... while paralysed by Crazy Yiuf
             ... on level 2 of the Dungeon.
             The game lasted 00:02:47 (1567 turns).

vineage the Covered (Minotaur Fighter)              Turns: 1567, Time: 00:02:48

Health: 0/33       AC:  9    Str: 21    XL:     3   Next: 62%
Magic:  2/2        EV:  2    Int:  5    God:
Gold:   116        SH:  0    Dex:  9    Spells: 2/2 levels left

rFire    . . .     SeeInvis .   a - +0 long sword
rCold    . . .     Gourm    .   c - +0 shield
rNeg     . . .     Faith    .   b - +0 scale mail
rPois    .         Spirit   .   (helmet restricted)
rElec    .         Reflect  .   n - +1 cloak
rCorr    .         Harm     +   (no gloves)
MR       .....                  (no boots)
Stlth    ..........             k - amulet of harm
Regen    0.2/turn               (no ring)
MPRegen  0.1/turn               (no ring)

@: paralysed, lethally poisoned (0 -> -2), drained
A: retaliatory headbutt, horns 2
a: no special abilities


You were on level 2 of the Dungeon.
You were not hungry.

You visited 1 branch of the dungeon, and saw 2 of its levels.

You collected 116 gold pieces.

Inventory:

Hand Weapons
 a - a +0 long sword (weapon)
Armour
 b - a +0 scale mail (worn)
 c - a +0 shield (worn)
 n - a +1 cloak (worn)
Jewellery
 k - an amulet of harm (around neck)
Scrolls
 h - 2 scrolls of identify {unknown}
 i - a scroll of random uselessness {unknown}
 m - a scroll of teleportation {unknown}
 o - a scroll of enchant armour {unknown}
 p - a scroll of remove curse {unknown}
Potions
 d - a potion of might
 e - a potion of brilliance {unknown}
 l - a potion of curing {unknown}
Comestibles
 f - 3 bread rations
 g - a royal jelly
 j - 7 fruits


   Skills:
 + Level 3.7(3.1) Fighting
 + Level 3.3(2.7) Long Blades
 + Level 4.6(4.0) Armour
 + Level 0.1(0.0) Stealth
 + Level 4.1(3.5) Shields


You had 2 spell levels left.
You didn't know any spells.

Dungeon Overview and Level Annotations

Branches:
Dungeon (2/15)

Altars:

Annotations:
D:2 Crazy Yiuf


Innate Abilities, Weirdness & Mutations

You reflexively headbutt those who attack you in melee.
You have a pair of horns on your head.


Message History

Crazy Yiuf is heavily wounded.
Crazy Yiuf hits you with a quarterstaff of chaos.
You feel drained. Crazy Yiuf hits you but does no damage.
You are poisoned.
You hit Crazy Yiuf but do no damage.
Crazy Yiuf is heavily wounded.
You feel sick.
Crazy Yiuf hits you with a quarterstaff of chaos.
You barely miss Crazy Yiuf. You headbutt Crazy Yiuf!
Crazy Yiuf is severely wounded.
You feel sick.
Crazy Yiuf whimpers, "Two high meccalolo!"
Crazy Yiuf hits you with a quarterstaff of chaos!
* * * LOW HITPOINT WARNING * * *
You suddenly lose the ability to move!
Crazy Yiuf says, "Snurf tortoise poople!"
Crazy Yiuf hits you with a quarterstaff of chaos.
* * * LOW HITPOINT WARNING * * *
You feel drained.
You die...

###########.#
#...........####
#####...........
#.#####.####
##### #.# #.#.##
#..)# #.# #.#...
#...# ### #.#.##
#.g.# #.#... #@#
##.#### ##.#
#.....# #.##
######..##.#
##.#
#........#.#
#.##
#.####.>....
##.##
#.####.....#
#...##
#....#..####
#....#
#...<#.....)
#....#
##...##.####


You could see Crazy Yiuf.

Vanquished Creatures
  An adder (D:2)
  An ooze (D:1)
  3 leopard geckos
  3 giant cockroaches (D:1)
  3 goblins
  10 hobgoblins
  A quokka (D:2)
  A ball python (D:2)
  2 bats
  2 frilled lizards (D:1)
  4 kobolds
  2 rats
33 creatures vanquished.

Notes
Turn   | Place    | Note
-------+----------+-------------------------------------------
     0 | D:1      | vineage the Minotaur Fighter began the quest for the Orb.
     0 | D:1      | Reached XP level 1. HP: 19/19 MP: 0/0
   324 | D:1      | Reached XP level 2. HP: 26/26 MP: 1/1
   847 | D:2      | Reached XP level 3. HP: 31/33 MP: 2/2
  1115 | D:2      | Found a runed door.
  1559 | D:2      | Noticed Crazy Yiuf
  1566 | D:2      | Paralysed by Crazy Yiuf for 2 turns
  1567 | D:2      | Slain by Crazy Yiuf

Skill      XL: |  1  2  3 |
---------------+----------+-----
Armour         | 4 |  4.6
Shields        | 4 |  4.1
Long Blades    | 3 |  3.3
Fighting       | |  3.7
Stealth        | |  0.1

Action                   || total
-------------------------++-------
Melee: Long sword        ||    83
       Headbutt          ||    14
  Eat: Chunk             ||     2
Armor: Scale mail        ||    29
Dodge: Dodged            ||    16
Block: Shield            ||    33
       Rpst.: Long sword ||     9
